 Dungeon Crawl Stone Soup version 0.24.0-28-g17ded55e90 (webtiles) character file.

Game seed: 6348926875840874259, levelgen mode: deterministic

450 sking99 the Chopper (level 7, -4/61 HPs)
             Began as a Hill Orc Fighter on Nov 11, 2019.
             Slain by a scorpion (5 damage)
             ... on level 4 of the Dungeon.
             The game lasted 00:06:45 (4044 turns).

sking99 the Chopper (Hill Orc Fighter)              Turns: 4044, Time: 00:06:46

Health: -4/61      AC:  9    Str: 21    XL:     7   Next: 4%
Magic:  7/7        EV:  5    Int:  8    God:
Gold:   177        SH: 10    Dex: 10    Spells: 6/6 levels left

rFire    . . .     SeeInvis .   a - +0 war axe
rCold    . . .     Gourm    .   c - +0 shield
rNeg     . . .     Faith    .   g - +0 chain mail
rPois    .         Spirit   .   (no helmet)
rElec    .         Reflect  .   (no cloak)
rCorr    .         Harm     .   (no gloves)
MR       .....                  (no boots)
Stlth    ..........             (no amulet)
HPRegen  0.20/turn              (no ring)
MPRegen  0.10/turn              (no ring)

@: lethally poisoned (-4 -> -7), hasted, very quick
A: no striking features
a: no special abilities


You were on level 4 of the Dungeon.
You were very hungry.

You visited 1 branch of the dungeon, and saw 4 of its levels.

You collected 177 gold pieces.

Inventory:

Hand Weapons
 a - a +0 war axe (weapon)
Armour
 c - a +0 shield (worn)
 g - a +0 chain mail (worn)
Jewellery
 j - an uncursed ring of magical power {unknown}
 k - an uncursed ring of see invisible {unknown}
Scrolls
 h - a scroll of remove curse
 i - a scroll of enchant weapon {unknown}
 o - 2 scrolls of teleportation
Potions
 d - a potion of might
 e - 2 potions of berserk rage
 l - a potion of heal wounds {unknown}
 n - a potion of flight {unknown}
 r - a potion of agility {unknown}
 s - a potion of resistance {unknown}
Comestibles
 f - 6 rations


   Skills:
 + Level 5.5 Fighting
 * Level 7.1 Axes
 - Level 3.2 Armour
 + Level 5.0 Shields


You had 6 spell levels left.
You didn't know any spells.
Your spell library was empty.

Dungeon Overview and Level Annotations

Branches:
Dungeon (4/15)
 Temple: D:4-7

Altars:
Trog


Message History

You hit the scorpion.
The scorpion is severely wounded.
The scorpion stings you.
* * * LOW HITPOINT WARNING * * *
You are poisoned.
The scorpion poisons you!
Your shield and chain mail prevent you from hitting the scorpion.
The scorpion is severely wounded.
You feel sick. You block the scorpion's attack.
The scorpion stings you but does no damage.
You completely miss the scorpion.
The scorpion is severely wounded.
You feel sick. The scorpion stings you!
* * * LOW HITPOINT WARNING * * *
It was a potion of haste.
You feel yourself speed up.
* * * LOW HITPOINT WARNING * * *
You feel sick.
The gnoll shaman calls upon its god to speed up the gnoll.
The gnoll seems to speed up.
The scorpion stings you.
You die...

.######.#### ........####
####.......# #######
#.##.##.# #.....#
#.##.##.# #.###.##
#.##.##.#####. #.# #..#
#.##..........
#.###sO#####.##..#.#####.
#....ggs@........#.#
###g########.......#
#...# #.......# #.#.#
####.#### #...# #.# ##.##
#.# ##g####### #'##
#######.O...O.g# #...#
#......(.gs.##.# #.....


You could see an ogre, a gnoll shaman, a scorpion, 2 gnolls and a giant
cockroach.

Vanquished Creatures
  An ogre (D:3)
  A big kobold (D:4)
  A crimson imp (D:4)
  An orc priest (D:1)
  An orc wizard (D:3)
  2 hound skeletons (D:3)
  5 gnolls
  4 adders
  An adder skeleton (D:3)
  3 worms
  A dart slug (D:1)
  A leopard gecko (D:1)
  6 orcs
  2 ball pythons (D:1)
  5 bats
  6 giant cockroaches
  6 goblins
  3 hobgoblins
  3 jackals (D:1)
  4 quokkas
  6 frilled lizards
  8 kobolds
  2 quokka skeletons (D:4)
  11 rats
84 creatures vanquished.

Notes
Turn   | Place    | Note
-------+----------+-------------------------------------------
     0 | D:1      | sking99 the Hill Orc Fighter began the quest for the Orb.
     0 | D:1      | Reached XP level 1. HP: 19/19 MP: 1/1
    59 | D:1      | Reached skill level 3 in Axes
    74 | D:1      | Reached XP level 2. HP: 27/27 MP: 2/2
   335 | D:1      | Reached XP level 3. HP: 31/33 MP: 3/3
   685 | D:1      | Reached skill level 4 in Axes
   978 | D:2      | Reached XP level 4. HP: 40/40 MP: 4/4
  1698 | D:2      | Reached skill level 5 in Axes
  1698 | D:2      | Reached XP level 5. HP: 47/47 MP: 5/5
  2883 | D:3      | Noticed an ogre
  2889 | D:3      | Killed an ogre
  2889 | D:3      | Reached skill level 5 in Fighting
  2889 | D:3      | Reached skill level 6 in Axes
  2889 | D:3      | Reached XP level 6. HP: 38/56 MP: 6/6
  3154 | D:4      | Found a bloodstained altar of Trog.
  3620 | D:4      | Reached skill level 5 in Shields
  3826 | D:4      | Reached skill level 7 in Axes
  3826 | D:4      | Reached XP level 7. HP: 61/61 MP: 7/7
  4043 | D:4      | HP: 2/61 [scorpion (7)]
  4044 | D:4      | Slain by a scorpion

Levels and vault maps discovered:
D:1:      dpeg_arrival_round_c, layout_basic, minmay_indecisive_spiral
D:2:      layout_loops_ring, first_ration, grunt_ministairs_5
D:3:      layout_rooms
D:4:      kennysheep_goblin_castle, layout_loops_corners, trog_butcher_becter

Skill      XL: |  1  2  3  4  5  6 |
---------------+-------------------+-----
Axes           | 3 4 5 6 7 |  7.1
Fighting       | 4 5 |  5.5
Shields        | 4 5 |  5.0
Armour         | |  3.2

Action                   |  1- 3 |  4- 6 |  7- 9 || total
-------------------------+-------+-------+-------++-------
Melee: War axe           |   100 |   218 |    13 ||   331
  Use: Potion            |       |     1 |     1 ||     2
       Scroll            |       |     7 |       ||     7
  Eat: Chunk             |       |     9 |       ||     9
Armor: Scale mail        |    39 |     5 |       ||    44
       Chain mail        |       |    81 |     8 ||    89
Dodge: Dodged            |    28 |    37 |     4 ||    69
Block: Shield            |    53 |   100 |     6 ||   159
